[ AOE2 MATCH · #493261031 ]
UnrankedCumans vs Goths
[ REPLAY ANALYSIS · EXTRACTED FROM THE RECORDED GAME ]
Feudal
8:51
Castle
19:30
Imperial
31:41
| APM avg | 110.4 |
| APM peak | 231 |
| eAPM avg | 76.9 |
| Villagers / military | 218 / 1144 |
Focus
⚔️ 77.7% · 🌾 22.3%
Militia ×785 · Kipchak ×358 · Trade Cart ×143 · Trebuchet (Packed) ×1
Feudal
10:31
Castle
14:01
Imperial
33:53
| APM avg | 34.5 |
| APM peak | 87 |
| eAPM avg | 29.9 |
| Villagers / military | 161 / 1967 |
Focus
⚔️ 47.2% · 🌾 52.8%
Huskarl ×1633 · Spearman ×308 · Trade Cart ×61 · Militia ×19 · Bombard Cannon ×7
Feudal
10:07
Castle
13:49
Imperial
29:06
| APM avg | 38.1 |
| APM peak | 85 |
| eAPM avg | 24.5 |
| Villagers / military | 175 / 1203 |
Focus
⚔️ 45.9% · 🌾 54.1%
Knight ×1163 · Trade Cart ×138 · Bombard Cannon ×15 · Trebuchet (Packed) ×11 · Obuch ×10 · Monk ×2
Feudal
8:57
Castle
19:59
Imperial
32:37
| APM avg | 27.5 |
| APM peak | 57 |
| eAPM avg | 20.2 |
| Villagers / military | 139 / 1260 |
Focus
⚔️ 49.3% · 🌾 50.7%
Spearman ×662 · Fire Lancer ×362 · Scout Cavalry ×123 · Chu Ko Nu ×85 · Trade Cart ×34 · Militia ×14
Feudal
11:08
Castle
14:47
Imperial
33:53
| APM avg | 49.4 |
| APM peak | 94 |
| eAPM avg | 28.5 |
| Villagers / military | 203 / 715 |
Focus
⚔️ 35.6% · 🌾 64.4%
Genitour ×451 · Camel Archer ×216 · Trade Cart ×27 · Battering Ram ×25 · Trebuchet (Packed) ×8 · Mangonel ×6
Feudal
10:06
Castle
17:47
Imperial
33:38
| APM avg | 32.0 |
| APM peak | 65 |
| eAPM avg | 18.4 |
| Villagers / military | 364 / 704 |
Focus
⚔️ 34.5% · 🌾 65.5%
Spearman ×423 · Throwing Axeman ×224 · Trade Cart ×86 · Hand Cannoneer ×37 · Bombard Cannon ×19 · Battering Ram ×1
Feudal
10:14
Castle
14:08
Imperial
29:34
| APM avg | 34.9 |
| APM peak | 69 |
| eAPM avg | 24.3 |
| Villagers / military | 163 / 1396 |
Focus
⚔️ 43.6% · 🌾 56.4%
Scout Cavalry ×679 · Steppe Lancer ×271 · Camel Scout ×193 · Scorpion ×139 · Battering Ram ×85 · Trade Cart ×79
Feudal
11:00
Castle
14:33
Imperial
30:17
| APM avg | 54.8 |
| APM peak | 97 |
| eAPM avg | 34.8 |
| Villagers / military | 223 / 1351 |
Focus
⚔️ 38.1% · 🌾 61.9%
Spearman ×949 · Kona ×217 · Trade Cart ×92 · Petard ×67 · Mangonel ×42 · Bolas Rider ×42
Match map
Initial resources + every placement click. Lines = walls · curves = elevation contours. ◆ gold · ⬟ stone · ● berries · ✦ relic · ◌ wall gap
Your base· ✓ Closed at 19:30 · 2t walls · 4 gate(s)
TigerGecko's base· ✓ Closed at 14:01 · 0t walls · 2 gate(s)
Grubby's base· ✓ Closed at 13:49 · 0t walls · 2 gate(s)
ryocallan's base· ✓ Closed at 19:59 · 70t walls · 4 gate(s)
raffaele_520's base· ✓ Closed at 14:47 · 0t walls · 2 gate(s)
Lynx's base· ✓ Closed at 17:47 · 2t walls · 2 gate(s)
Yellowping's base· ✓ Closed at 14:08 · 0t walls · 2 gate(s)
mochichi4's base· ✓ Closed at 14:33 · 0t walls · 3 gate(s)
Smoothed initial terrain · ◌ = detected wall gap · hover for details
Inputs per minute
— VIT | Hera - - TigerGecko
Build order — VIT | Hera
First 150 of 813 actions detected
| 0:01 | Create | Villager (Male) |
| 0:01 | Create | Villager (Male) |
| 0:03 | Build | House |
| 0:04 | Build | House |
| 0:09 | Create | Villager (Male) |
| 0:09 | Create | Villager (Male) |
| 1:24 | Create | Villager (Male) |
| 1:24 | Create | Villager (Male) |
| 1:44 | Build | Lumber Camp |
| 1:50 | Create | Villager (Male) |
| 1:51 | Create | Villager (Male) |
| 2:16 | Create | Villager (Male) |
| 2:16 | Create | Villager (Male) |
| 2:46 | Create | Villager (Male) |
| 2:46 | Create | Villager (Male) |
| 2:46 | Create | Villager (Male) |
| 3:03 | Create | Villager (Male) |
| 3:03 | Create | Villager (Male) |
| 3:27 | Build | House |
| 3:39 | Create | Villager (Male) |
| 3:40 | Create | Villager (Male) |
| 4:04 | Build | Palisade Wall |
| 4:12 | Create | Villager (Male) |
| 4:12 | Create | Villager (Male) |
| 4:32 | Build | Mill |
| 4:52 | Create | Villager (Male) |
| 4:54 | Create | Villager (Male) |
| 4:54 | Create | Villager (Male) |
| 5:40 | Create | Villager (Male) |
| 6:10 | Create | Villager (Male) |
| 6:16 | Build | House |
| 6:29 | Build | House |
| 6:41 | Research | Feudal Age |
| 6:41 | Research | Feudal Age |
| 8:46 | Create | Villager (Male) |
| 8:51 | Age | Feudal Age |
| 8:53 | Build | Town Center |
| 8:56 | Research | Double-Bit Axe |
| 9:00 | Create | Villager (Male) |
| 9:07 | Create | Villager (Male) |
| 9:22 | Create | Villager (Male) |
| 9:29 | Build | House |
| 9:33 | Create | Villager (Male) |
| 9:57 | Research | Horse Collar |
| 9:57 | Research | Horse Collar |
| 10:29 | Create | Villager (Male) |
| 10:30 | Create | Villager (Male) |
| 10:31 | Create | Villager (Male) |
| 10:45 | Build | Farm |
| 10:57 | Build | Farm |
| 11:13 | Create | Villager (Male) |
| 11:18 | Create | Villager (Male) ×5 |
| 11:21 | Build | Farm |
| 11:23 | Build | Farm |
| 11:27 | Create | Villager (Male) |
| 11:43 | Build | House |
| 11:47 | Create | Villager (Male) |
| 11:50 | Build | Farm |
| 11:51 | Build | Farm |
| 11:56 | Create | Villager (Male) |
| 12:04 | Create | Villager (Male) |
| 12:11 | Build | Farm |
| 12:15 | Create | Villager (Male) |
| 12:25 | Build | Farm |
| 12:27 | Create | Villager (Male) |
| 12:29 | Build | House |
| 12:30 | Build | House |
| 12:43 | Build | Farm |
| 13:02 | Build | Farm |
| 13:06 | Build | House |
| 13:11 | Build | Farm |
| 13:21 | Build | Farm |
| 13:24 | Create | Villager (Male) ×5 |
| 13:27 | Build | Farm |
| 13:33 | Build | Farm |
| 13:51 | Build | Farm |
| 13:54 | Build | Farm |
| 13:57 | Build | Farm |
| 14:00 | Build | Farm |
| 14:01 | Create | Villager (Male) ×5 |
| 14:03 | Build | Farm |
| 14:12 | Build | Farm |
| 14:29 | Create | Villager (Male) |
| 14:39 | Build | Farm |
| 14:42 | Build | Farm |
| 14:43 | Build | Mining Camp |
| 14:50 | Build | Farm |
| 15:01 | Build | Farm |
| 15:13 | Create | Villager (Male) ×5 |
| 15:30 | Build | Market |
| 15:46 | Create | Villager (Male) |
| 15:55 | Create | Villager (Male) |
| 16:00 | Create | Villager (Male) |
| 16:06 | Create | Villager (Male) |
| 16:16 | Build | Farm |
| 16:23 | Create | Villager (Male) |
| 16:24 | Create | Villager (Male) |
| 16:24 | Create | Villager (Male) |
| 16:26 | Build | Blacksmith |
| 16:28 | Create | Villager (Male) |
| 16:41 | Build | House |
| 16:42 | Build | House |
| 16:43 | Build | House |
| 16:49 | Build | Farm |
| 16:50 | Research | Castle Age |
| 16:50 | Research | Castle Age |
| 16:50 | Research | Castle Age |
| 16:57 | Create | Villager (Male) |
| 17:04 | Build | House |
| 17:13 | Research | Gold Mining |
| 17:13 | Research | Gold Mining |
| 17:29 | Build | House |
| 17:30 | Build | House |
| 17:30 | Build | House |
| 17:31 | Build | House |
| 17:34 | Build | House |
| 17:35 | Build | House |
| 17:36 | Build | House |
| 17:37 | Build | Palisade Wall |
| 17:40 | Create | Villager (Male) |
| 17:40 | Create | Villager (Male) |
| 17:45 | Build | Mining Camp |
| 17:49 | Research | Loom |
| 18:00 | Build | Farm |
| 18:09 | Research | Stone Mining |
| 18:09 | Research | Stone Mining |
| 18:11 | Create | Villager (Male) |
| 18:13 | Research | Wheelbarrow |
| 18:14 | Research | Wheelbarrow |
| 18:29 | Build | Farm |
| 18:29 | Build | Farm |
| 18:45 | Build | House |
| 18:46 | Build | House |
| 18:48 | Build | Palisade Gate |
| 18:58 | Create | Villager (Male) |
| 19:13 | Build | House |
| 19:25 | Build | House |
| 19:25 | Build | House |
| 19:30 | Age | Castle Age |
| 19:49 | Build | Castle |
| 19:53 | Create | Villager (Male) |
| 19:55 | Research | Padded Archer Armor |
| 19:56 | Research | Fletching |
| 19:56 | Research | Fletching |
| 19:56 | Research | Fletching |
| 20:00 | Build | Barracks |
| 20:01 | Create | Villager (Male) |
| 20:01 | Create | Villager (Male) |
| 20:08 | Create | Villager (Male) |
| 20:20 | Create | Villager (Male) |
Build order — TigerGecko
First 150 of 1253 actions detected
| 0:01 | Create | Villager (Male) |
| 0:01 | Create | Villager (Male) |
| 0:02 | Build | House |
| 0:03 | Build | House |
| 0:04 | Create | Villager (Male) |
| 0:04 | Create | Villager (Male) |
| 1:27 | Create | Villager (Male) |
| 1:51 | Build | Lumber Camp |
| 2:03 | Create | Villager (Male) |
| 2:04 | Create | Villager (Male) |
| 2:43 | Create | Villager (Male) |
| 2:43 | Create | Villager (Male) |
| 2:59 | Build | House |
| 3:08 | Create | Villager (Male) |
| 3:23 | Create | Villager (Male) |
| 4:01 | Create | Villager (Male) |
| 4:19 | Create | Villager (Male) |
| 4:41 | Create | Villager (Male) |
| 4:47 | Build | Mill |
| 4:50 | Create | Villager (Male) |
| 5:09 | Build | House |
| 5:11 | Build | House |
| 5:24 | Create | Villager (Male) |
| 6:07 | Create | Villager (Male) |
| 6:32 | Create | Villager (Male) |
| 6:45 | Create | Villager (Male) |
| 7:16 | Create | Villager (Male) |
| 7:41 | Build | House |
| 7:46 | Build | Farm |
| 7:47 | Build | Farm |
| 7:49 | Create | Villager (Male) |
| 7:51 | Build | Mining Camp |
| 8:00 | Research | Feudal Age |
| 8:27 | Create | Villager (Male) |
| 8:28 | Create | Villager (Male) |
| 10:06 | Build | Farm |
| 10:31 | Age | Feudal Age |
| 10:33 | Build | Market |
| 10:36 | Build | Blacksmith |
| 11:02 | Build | Mining Camp |
| 11:20 | Research | Castle Age |
| 11:20 | Research | Castle Age |
| 11:21 | Research | Castle Age |
| 11:50 | Build | House |
| 11:54 | Research | Double-Bit Axe |
| 12:15 | Research | Horse Collar |
| 12:54 | Build | Farm |
| 12:54 | Build | Farm |
| 12:58 | Create | Villager (Male) |
| 13:20 | Build | House |
| 13:32 | Build | House |
| 14:01 | Age | Castle Age |
| 14:05 | Research | Bow Saw |
| 14:07 | Create | Villager (Male) |
| 14:48 | Research | Loom |
| 14:50 | Create | Villager (Male) |
| 15:07 | Create | Villager (Male) |
| 15:26 | Build | House |
| 15:33 | Create | Villager (Male) |
| 15:35 | Build | Farm |
| 15:56 | Build | Farm |
| 15:57 | Build | Farm |
| 16:01 | Build | Farm |
| 16:02 | Create | Villager (Male) |
| 16:15 | Create | Villager (Male) |
| 16:31 | Build | Castle |
| 16:43 | Create | Villager (Male) |
| 16:44 | Build | Farm |
| 16:46 | Build | Farm |
| 16:53 | Build | Farm |
| 16:54 | Build | Farm |
| 16:56 | Create | Villager (Male) |
| 16:59 | Create | Villager (Male) |
| 17:21 | Create | Villager (Male) |
| 17:25 | Build | Mining Camp |
| 17:32 | Build | Farm |
| 17:33 | Build | Farm |
| 17:45 | Research | Scale Mail Armor |
| 17:54 | Build | Farm |
| 18:04 | Build | House |
| 18:05 | Build | House |
| 18:06 | Build | House |
| 18:17 | Create | Huskarl |
| 18:18 | Create | Huskarl |
| 18:22 | Create | Villager (Male) |
| 18:25 | Build | Farm |
| 18:41 | Create | Huskarl |
| 18:41 | Create | Huskarl |
| 18:47 | Create | Villager (Male) |
| 18:54 | Build | Farm |
| 19:01 | Create | Huskarl |
| 19:01 | Create | Huskarl |
| 19:09 | Create | Huskarl |
| 19:10 | Create | Villager (Male) |
| 19:19 | Create | Villager (Male) |
| 19:32 | Create | Villager (Male) |
| 19:49 | Create | Villager (Male) |
| 19:53 | Create | Huskarl |
| 19:55 | Create | Villager (Male) |
| 19:58 | Build | Farm |
| 19:59 | Build | Farm |
| 20:06 | Build | Farm |
| 20:09 | Build | Farm |
| 20:10 | Build | Farm |
| 20:22 | Build | Farm |
| 20:27 | Create | Villager (Male) |
| 20:34 | Create | Huskarl |
| 20:35 | Create | Huskarl |
| 20:35 | Create | Villager (Male) |
| 20:51 | Create | Huskarl |
| 20:51 | Create | Huskarl |
| 21:11 | Create | Huskarl |
| 21:12 | Create | Villager (Male) |
| 21:17 | Build | Farm |
| 21:46 | Create | Villager (Male) |
| 22:01 | Research | Heavy Plow |
| 22:23 | Create | Huskarl |
| 22:23 | Create | Huskarl |
| 22:33 | Research | Chain Mail Armor |
| 22:40 | Create | Villager (Male) |
| 22:44 | Create | Huskarl |
| 22:46 | Create | Villager (Male) |
| 22:56 | Create | Villager (Male) |
| 23:02 | Create | Villager (Male) |
| 23:03 | Create | Huskarl |
| 23:04 | Create | Huskarl |
| 23:10 | Create | Huskarl |
| 23:18 | Build | Farm |
| 23:19 | Build | Farm |
| 23:20 | Build | Farm |
| 23:20 | Build | Farm |
| 23:21 | Build | Farm |
| 23:23 | Build | Farm |
| 23:24 | Build | Mill |
| 23:25 | Build | Mill |
| 23:30 | Build | Farm |
| 23:31 | Build | Farm |
| 23:34 | Build | Farm |
| 23:35 | Build | Farm |
| 23:38 | Research | Forging |
| 23:39 | Create | Villager (Male) |
| 24:04 | Create | Huskarl |
| 24:05 | Create | Huskarl |
| 24:06 | Create | Huskarl |
| 24:08 | Build | Mining Camp |
| 24:22 | Create | Villager (Male) |
| 24:43 | Create | Huskarl |
| 24:43 | Create | Huskarl |
| 24:53 | Create | Villager (Male) |
| 25:07 | Research | Iron Casting |
Build order — Grubby
First 150 of 844 actions detected
| 0:02 | Create | Villager (Male) |
| 0:02 | Create | Villager (Male) |
| 0:04 | Build | House |
| 0:05 | Build | House |
| 0:07 | Create | Villager (Male) |
| 0:10 | Create | Villager (Male) |
| 1:27 | Create | Villager (Male) |
| 1:46 | Build | Lumber Camp |
| 1:51 | Create | Villager (Male) |
| 2:23 | Create | Villager (Male) |
| 2:52 | Create | Villager (Male) |
| 2:55 | Create | Villager (Male) |
| 3:34 | Build | House |
| 3:35 | Build | House |
| 3:40 | Create | Villager (Male) |
| 4:01 | Create | Villager (Male) |
| 4:04 | Create | Villager (Male) |
| 4:47 | Create | Villager (Male) |
| 4:55 | Create | Villager (Male) |
| 5:48 | Build | Mill |
| 5:48 | Create | Villager (Male) |
| 5:56 | Create | Villager (Male) |
| 6:14 | Create | Villager (Male) |
| 6:42 | Create | Villager (Male) |
| 7:18 | Create | Villager (Male) |
| 7:41 | Build | Mining Camp |
| 7:54 | Research | Feudal Age |
| 7:54 | Research | Feudal Age |
| 8:32 | Build | Farm |
| 8:34 | Build | Farm |
| 9:16 | Build | Farm |
| 9:19 | Create | Villager (Male) |
| 9:19 | Create | Villager (Male) |
| 10:07 | Age | Feudal Age |
| 10:19 | Build | Market |
| 10:25 | Build | Blacksmith |
| 11:09 | Research | Castle Age |
| 11:09 | Research | Castle Age |
| 11:27 | Build | Farm |
| 11:40 | Research | Double-Bit Axe |
| 11:40 | Research | Double-Bit Axe |
| 12:04 | Create | Villager (Male) |
| 12:07 | Research | Horse Collar |
| 12:14 | Build | House |
| 12:31 | Build | Farm |
| 12:41 | Create | Villager (Male) |
| 13:00 | Build | Farm |
| 13:04 | Build | Farm |
| 13:22 | Build | Farm |
| 13:49 | Age | Castle Age |
| 13:52 | Build | Town Center |
| 13:55 | Create | Villager (Male) |
| 14:46 | Build | Town Center |
| 14:47 | Create | Villager (Male) |
| 14:53 | Create | Villager (Male) |
| 14:56 | Create | Villager (Male) |
| 15:00 | Create | Villager (Male) |
| 15:14 | Create | Villager (Male) |
| 15:15 | Create | Villager (Male) |
| 15:15 | Create | Villager (Male) |
| 15:27 | Create | Villager (Male) |
| 15:36 | Create | Villager (Male) |
| 15:40 | Create | Villager (Male) |
| 15:50 | Build | Mill |
| 15:51 | Create | Villager (Male) |
| 15:59 | Build | Farm |
| 16:01 | Create | Villager (Male) |
| 16:10 | Research | Wheelbarrow |
| 16:12 | Create | Villager (Male) |
| 16:17 | Build | House |
| 16:17 | Build | House |
| 16:24 | Research | Bow Saw |
| 16:24 | Research | Bow Saw |
| 16:28 | Build | Farm |
| 16:30 | Build | Farm |
| 16:43 | Create | Villager (Male) |
| 16:47 | Build | Farm |
| 16:48 | Create | Villager (Male) |
| 16:58 | Create | Villager (Male) |
| 17:11 | Build | Farm |
| 17:14 | Build | Farm |
| 17:14 | Create | Villager (Male) |
| 17:16 | Build | Farm |
| 17:17 | Create | Villager (Male) |
| 17:30 | Build | Barracks |
| 17:34 | Create | Villager (Male) |
| 17:40 | Build | Farm |
| 17:43 | Create | Villager (Male) |
| 17:46 | Create | Villager (Male) |
| 17:51 | Build | Mill |
| 17:52 | Create | Villager (Male) |
| 17:54 | Build | Farm |
| 17:56 | Build | Farm |
| 17:57 | Create | Villager (Male) |
| 18:04 | Create | Villager (Male) |
| 18:10 | Build | Farm |
| 18:14 | Build | Farm |
| 18:18 | Build | Farm |
| 18:22 | Create | Villager (Male) |
| 18:24 | Create | Villager (Male) |
| 18:30 | Build | Farm |
| 18:31 | Create | Villager (Male) |
| 18:35 | Build | House |
| 18:35 | Build | House |
| 18:38 | Build | House |
| 18:41 | Create | Villager (Male) |
| 18:47 | Build | Farm |
| 18:47 | Create | Villager (Male) |
| 18:51 | Create | Villager (Male) |
| 18:57 | Create | Villager (Male) |
| 19:06 | Create | Villager (Male) |
| 19:08 | Create | Villager (Male) |
| 19:12 | Create | Villager (Male) |
| 19:17 | Research | Heavy Plow |
| 19:17 | Research | Heavy Plow |
| 19:20 | Build | Lumber Camp |
| 19:24 | Create | Villager (Male) |
| 19:28 | Build | Farm |
| 19:32 | Create | Villager (Male) |
| 19:38 | Build | House |
| 19:44 | Create | Villager (Male) |
| 19:53 | Build | Monastery |
| 19:53 | Create | Villager (Male) |
| 19:56 | Build | House |
| 19:56 | Create | Villager (Male) |
| 20:02 | Create | Villager (Male) |
| 20:04 | Create | Villager (Male) |
| 20:09 | Build | Siege Workshop |
| 20:12 | Create | Villager (Male) |
| 20:14 | Create | Villager (Male) |
| 20:20 | Create | Villager (Male) |
| 20:24 | Create | Monk |
| 20:25 | Create | Villager (Male) |
| 20:28 | Create | Villager (Male) |
| 20:31 | Research | Loom |
| 20:32 | Create | Villager (Male) |
| 20:36 | Create | Villager (Male) |
| 20:41 | Create | Villager (Male) |
| 20:43 | Create | Villager (Male) |
| 20:46 | Build | House |
| 20:46 | Build | House |
| 20:47 | Build | House |
| 20:48 | Create | Villager (Male) |
| 20:50 | Build | House |
| 20:51 | Build | House |
| 20:52 | Build | House |
| 20:53 | Create | Villager (Male) |
| 20:56 | Create | Villager (Male) |
| 20:58 | Create | Villager (Male) |
| 21:03 | Create | Scorpion |
Build order — ryocallan
First 150 of 777 actions detected
| 0:04 | Research | Loom |
| 0:48 | Create | Villager (Male) |
| 0:48 | Create | Villager (Male) |
| 1:17 | Create | Villager (Male) |
| 1:41 | Create | Villager (Male) |
| 2:01 | Create | Villager (Male) |
| 2:10 | Build | Lumber Camp |
| 2:34 | Create | Villager (Male) |
| 2:34 | Create | Villager (Male) |
| 3:01 | Create | Villager (Male) |
| 3:01 | Create | Villager (Male) |
| 3:26 | Create | Villager (Male) |
| 3:27 | Build | House |
| 3:47 | Create | Villager (Male) |
| 4:16 | Create | Villager (Male) |
| 4:16 | Create | Villager (Male) |
| 4:35 | Create | Villager (Male) |
| 5:06 | Create | Villager (Male) |
| 5:23 | Build | Barracks |
| 5:46 | Build | House |
| 5:54 | Create | Villager (Male) |
| 6:22 | Create | Villager (Male) |
| 6:47 | Research | Feudal Age |
| 7:03 | Create | Militia |
| 7:26 | Create | Militia |
| 7:45 | Create | Militia |
| 7:54 | Build | Mill |
| 8:41 | Build | House |
| 8:57 | Age | Feudal Age |
| 8:59 | Create | Villager (Male) |
| 9:03 | Research | Man-at-Arms (upgrade) |
| 9:03 | Research | Man-at-Arms (upgrade) |
| 9:26 | Build | Stone Wall |
| 9:28 | Create | Villager (Male) |
| 9:34 | Create | Villager (Male) |
| 9:44 | Research | Double-Bit Axe |
| 9:52 | Create | Villager (Male) |
| 9:52 | Create | Villager (Male) |
| 10:36 | Create | Villager (Male) |
| 10:36 | Create | Villager (Male) |
| 10:49 | Build | Stone Wall |
| 10:53 | Build | Stone Wall |
| 11:07 | Create | Villager (Male) |
| 11:14 | Build | Stone Wall |
| 11:23 | Create | Villager (Male) |
| 11:28 | Create | Villager (Male) |
| 11:31 | Build | Farm |
| 11:33 | Build | Farm |
| 11:49 | Build | Lumber Camp |
| 11:54 | Create | Villager (Male) |
| 11:56 | Build | Farm |
| 12:03 | Build | Stone Wall |
| 12:08 | Build | Stone Wall |
| 12:20 | Build | Stone Wall |
| 12:26 | Create | Villager (Male) |
| 12:29 | Build | House |
| 12:34 | Build | Gate |
| 12:54 | Research | Horse Collar |
| 13:29 | Build | Farm |
| 13:30 | Build | Farm |
| 13:35 | Build | Farm |
| 13:38 | Build | Farm |
| 13:48 | Build | Farm |
| 13:54 | Create | Villager (Male) |
| 14:00 | Build | Farm |
| 14:11 | Build | Mining Camp |
| 14:20 | Build | House |
| 14:22 | Create | Villager (Male) |
| 14:24 | Research | Town Watch |
| 14:54 | Build | Market |
| 14:57 | Build | Farm |
| 14:58 | Build | Farm |
| 14:59 | Build | Farm |
| 15:10 | Build | Farm |
| 15:13 | Create | Villager (Male) |
| 15:35 | Research | Wheelbarrow |
| 16:07 | Build | House |
| 16:49 | Build | Blacksmith |
| 16:54 | Create | Villager (Male) |
| 17:14 | Research | Castle Age |
| 17:14 | Research | Castle Age |
| 17:14 | Research | Castle Age |
| 17:32 | Research | Forging |
| 17:40 | Research | Forging |
| 17:55 | Research | Arson |
| 18:01 | Create | Villager (Male) |
| 18:11 | Research | Scale Mail Armor |
| 19:50 | Create | Villager (Male) |
| 19:50 | Create | Villager (Male) |
| 19:59 | Age | Castle Age |
| 20:04 | Build | Town Center |
| 20:08 | Build | Town Center |
| 20:09 | Create | Villager (Male) |
| 20:13 | Build | Siege Workshop |
| 20:15 | Create | Villager (Male) |
| 20:25 | Create | Villager (Male) |
| 20:31 | Build | Farm |
| 20:47 | Create | Villager (Male) |
| 21:00 | Create | Scorpion |
| 21:00 | Create | Iron Pagoda |
| 21:04 | Create | Villager (Male) |
| 21:07 | Create | Villager (Male) |
| 21:13 | Build | Farm |
| 21:13 | Build | Farm |
| 21:18 | Create | Villager (Male) |
| 21:33 | Create | Villager (Male) |
| 21:43 | Create | Villager (Male) |
| 21:45 | Build | Farm |
| 21:48 | Build | Farm |
| 21:49 | Create | Villager (Male) |
| 21:51 | Build | Farm |
| 21:53 | Create | Villager (Male) |
| 21:56 | Create | Villager (Male) |
| 21:57 | Create | Villager (Male) |
| 22:01 | Create | Villager (Male) |
| 22:11 | Create | Villager (Male) |
| 22:29 | Create | Villager (Male) |
| 22:30 | Create | Villager (Male) |
| 22:35 | Create | Villager (Male) |
| 22:35 | Create | Villager (Male) |
| 23:11 | Create | Iron Pagoda |
| 23:29 | Create | Villager (Male) |
| 23:30 | Create | Villager (Male) |
| 23:30 | Create | Villager (Male) |
| 23:37 | Create | Scorpion |
| 23:39 | Create | Villager (Male) |
| 23:50 | Create | Villager (Male) |
| 23:50 | Create | Villager (Male) |
| 23:57 | Build | House |
| 23:58 | Build | House |
| 24:01 | Research | Hand Cart |
| 24:02 | Create | Villager (Male) |
| 24:02 | Create | Villager (Male) |
| 24:10 | Create | Villager (Male) |
| 24:10 | Create | Villager (Male) |
| 24:10 | Create | Villager (Male) |
| 24:15 | Build | Mill |
| 24:16 | Build | Farm |
| 24:17 | Build | Farm |
| 24:17 | Build | Farm |
| 24:19 | Create | Villager (Male) |
| 24:19 | Create | Villager (Male) |
| 24:24 | Create | Villager (Male) |
| 24:40 | Research | Hand Cart |
| 25:02 | Create | Villager (Male) |
| 25:02 | Create | Villager (Male) |
| 25:06 | Create | Villager (Male) |
| 25:09 | Create | Iron Pagoda |
| 25:11 | Create | Villager (Male) |
| 25:20 | Create | Villager (Male) |
Build order — raffaele_520
First 150 of 752 actions detected
| 0:04 | Build | House |
| 0:05 | Create | Villager (Male) |
| 0:05 | Create | Villager (Male) |
| 0:06 | Create | Villager (Male) |
| 0:06 | Create | Villager (Male) |
| 0:07 | Build | House |
| 1:32 | Create | Villager (Male) |
| 1:59 | Build | Lumber Camp |
| 2:02 | Create | Villager (Male) |
| 2:03 | Create | Villager (Male) |
| 2:25 | Create | Villager (Male) |
| 2:37 | Create | Villager (Male) |
| 2:37 | Create | Villager (Male) |
| 3:13 | Create | Villager (Male) |
| 3:37 | Build | House |
| 3:39 | Create | Villager (Male) |
| 4:08 | Create | Villager (Male) |
| 4:30 | Create | Villager (Male) |
| 4:36 | Build | Mill |
| 4:42 | Create | Villager (Male) |
| 5:04 | Create | Villager (Male) |
| 5:35 | Create | Villager (Male) |
| 5:41 | Create | Villager (Male) |
| 6:33 | Create | Villager (Male) |
| 6:53 | Research | Loom |
| 6:55 | Build | House |
| 6:58 | Create | Villager (Male) |
| 7:13 | Create | Villager (Male) |
| 7:49 | Create | Villager (Male) |
| 8:06 | Build | Farm |
| 8:08 | Build | Farm |
| 8:12 | Create | Villager (Male) |
| 8:27 | Create | Villager (Male) |
| 8:28 | Research | Feudal Age |
| 8:59 | Research | Feudal Age |
| 9:04 | Build | Mining Camp |
| 9:47 | Build | House |
| 9:57 | Build | Farm |
| 10:05 | Create | Villager (Male) |
| 10:28 | Build | Farm |
| 10:36 | Create | Villager (Male) |
| 10:40 | Build | Farm |
| 10:44 | Build | Farm |
| 11:08 | Age | Feudal Age |
| 11:12 | Build | Market |
| 11:19 | Build | Blacksmith |
| 12:07 | Research | Castle Age |
| 12:22 | Research | Double-Bit Axe |
| 12:57 | Build | Mining Camp |
| 13:07 | Create | Villager (Male) |
| 13:43 | Research | Horse Collar |
| 13:49 | Build | House |
| 14:31 | Create | Villager (Male) |
| 14:47 | Age | Castle Age |
| 14:51 | Build | Siege Workshop |
| 15:16 | Build | Barracks |
| 15:19 | Create | Villager (Male) |
| 15:34 | Build | Monastery |
| 15:37 | Create | Villager (Male) |
| 16:07 | Create | Mangonel |
| 16:13 | Create | Villager (Male) |
| 16:28 | Create | Villager (Male) |
| 16:30 | Create | Monk |
| 16:40 | Build | Lumber Camp |
| 16:48 | Create | Villager (Male) |
| 16:52 | Create | Monk |
| 17:05 | Create | Mangonel |
| 17:06 | Create | Mangonel |
| 17:12 | Create | Villager (Male) |
| 17:22 | Build | House |
| 17:23 | Build | House |
| 17:24 | Build | House |
| 17:29 | Research | Wheelbarrow |
| 17:54 | Create | Villager (Male) |
| 18:14 | Create | Mangonel |
| 18:27 | Build | Castle |
| 18:43 | Create | Villager (Male) |
| 19:04 | Create | Villager (Male) |
| 19:31 | Create | Battering Ram |
| 19:36 | Create | Villager (Male) |
| 20:14 | Create | Villager (Male) |
| 20:18 | Build | Town Center |
| 20:21 | Build | Farm |
| 20:24 | Build | Farm |
| 20:45 | Create | Villager (Male) |
| 20:45 | Create | Villager (Male) |
| 20:57 | Create | Villager (Male) |
| 21:22 | Create | Villager (Male) |
| 21:26 | Create | Camel Archer |
| 21:26 | Create | Camel Archer |
| 21:38 | Create | Villager (Male) |
| 21:39 | Create | Villager (Male) |
| 21:41 | Build | Farm |
| 22:12 | Create | Villager (Male) |
| 22:12 | Create | Villager (Male) |
| 22:15 | Build | Farm |
| 22:17 | Build | Farm |
| 22:40 | Create | Camel Archer |
| 22:40 | Create | Camel Archer |
| 22:40 | Create | Villager (Male) |
| 22:41 | Create | Villager (Male) |
| 23:03 | Create | Mangonel |
| 23:03 | Create | Mangonel |
| 23:14 | Create | Villager (Male) |
| 23:14 | Create | Villager (Male) |
| 23:16 | Create | Camel Archer |
| 23:16 | Create | Camel Archer |
| 23:16 | Create | Villager (Male) |
| 23:19 | Build | Farm |
| 23:22 | Build | Farm |
| 23:47 | Create | Camel Archer |
| 23:47 | Create | Camel Archer |
| 23:48 | Create | Villager (Male) |
| 23:48 | Create | Villager (Male) |
| 23:53 | Build | Farm |
| 23:55 | Create | Villager (Male) |
| 24:13 | Create | Villager (Male) |
| 24:28 | Create | Camel Archer |
| 24:28 | Create | Camel Archer |
| 24:29 | Create | Villager (Male) |
| 24:47 | Research | Fletching |
| 24:59 | Create | Villager (Male) |
| 25:00 | Create | Villager (Male) |
| 25:02 | Create | Camel Archer |
| 25:02 | Create | Camel Archer |
| 25:06 | Build | Farm |
| 25:10 | Create | Battering Ram |
| 25:10 | Create | Battering Ram |
| 25:10 | Create | Battering Ram |
| 25:22 | Build | Stone Wall |
| 25:23 | Create | Villager (Male) |
| 25:23 | Create | Villager (Male) |
| 25:36 | Build | Farm |
| 25:37 | Build | Farm |
| 25:37 | Build | Farm |
| 25:37 | Build | Farm |
| 25:37 | Build | Farm |
| 25:38 | Build | Farm |
| 25:38 | Build | Farm |
| 25:38 | Build | Farm |
| 25:40 | Create | Villager (Male) |
| 25:40 | Create | Villager (Male) |
| 25:43 | Create | Camel Archer |
| 25:51 | Create | Battering Ram |
| 26:01 | Build | House |
| 26:02 | Build | House |
| 26:03 | Build | House |
| 26:05 | Create | Villager (Male) |
| 26:06 | Create | Villager (Male) |
| 26:22 | Create | Battering Ram |
Build order — Lynx
First 150 of 771 actions detected
| 0:01 | Create | Villager (Male) |
| 0:01 | Create | Villager (Male) |
| 0:02 | Build | House |
| 0:04 | Build | House |
| 0:11 | Create | Villager (Male) |
| 0:11 | Create | Villager (Male) |
| 1:25 | Create | Villager (Male) |
| 1:47 | Create | Villager (Male) |
| 2:24 | Create | Villager (Male) |
| 2:24 | Create | Villager (Male) |
| 2:44 | Build | Lumber Camp |
| 2:56 | Create | Villager (Male) |
| 2:57 | Create | Villager (Male) |
| 3:09 | Create | Villager (Male) |
| 3:10 | Create | Villager (Male) |
| 3:10 | Create | Villager (Male) |
| 3:23 | Create | Villager (Male) |
| 3:26 | Build | House |
| 3:27 | Build | House |
| 4:03 | Create | Villager (Male) |
| 4:33 | Create | Villager (Male) |
| 4:33 | Create | Villager (Male) |
| 4:53 | Create | Villager (Male) |
| 4:53 | Create | Villager (Male) |
| 5:15 | Create | Villager (Male) |
| 5:29 | Build | Mill |
| 6:31 | Create | Villager (Male) |
| 6:32 | Create | Villager (Male) |
| 6:49 | Create | Villager (Male) |
| 6:49 | Create | Villager (Male) |
| 7:09 | Create | Villager (Male) |
| 7:44 | Research | Feudal Age |
| 7:56 | Build | Mining Camp |
| 8:12 | Create | Villager (Male) |
| 8:12 | Create | Villager (Male) |
| 8:16 | Build | House |
| 8:18 | Build | House |
| 8:22 | Create | Villager (Male) |
| 10:06 | Age | Feudal Age |
| 10:09 | Build | Watch Tower |
| 10:17 | Create | Villager (Male) |
| 10:27 | Build | Mining Camp |
| 10:39 | Research | Double-Bit Axe |
| 11:09 | Create | Villager (Male) |
| 11:14 | Research | Loom |
| 11:15 | Create | Villager (Male) |
| 11:15 | Create | Villager (Male) |
| 11:17 | Build | House |
| 11:49 | Build | Market |
| 12:17 | Create | Villager (Male) |
| 12:21 | Build | Farm |
| 12:31 | Build | Stone Wall |
| 12:49 | Build | Blacksmith |
| 13:01 | Create | Villager (Male) |
| 13:04 | Build | Farm |
| 13:10 | Build | House |
| 13:15 | Build | Farm |
| 13:17 | Create | Villager (Male) |
| 13:30 | Build | Farm |
| 13:39 | Create | Villager (Male) |
| 13:40 | Create | Villager (Male) |
| 13:54 | Build | Farm |
| 14:12 | Build | Farm |
| 14:38 | Create | Villager (Male) |
| 14:46 | Build | House |
| 15:06 | Research | Castle Age |
| 15:06 | Research | Castle Age |
| 15:20 | Build | Farm |
| 15:21 | Build | Farm |
| 16:02 | Create | Villager (Male) |
| 16:02 | Create | Villager (Male) |
| 16:16 | Build | House |
| 16:56 | Build | House |
| 16:57 | Build | House |
| 17:00 | Build | House |
| 17:47 | Age | Castle Age |
| 17:58 | Build | Castle |
| 18:07 | Build | Castle |
| 18:10 | Research | Gold Mining |
| 18:11 | Create | Villager (Male) |
| 18:15 | Research | Bow Saw |
| 18:18 | Create | Villager (Male) |
| 18:21 | Build | House |
| 18:22 | Build | House |
| 18:24 | Build | House |
| 18:24 | Build | House |
| 18:25 | Build | House |
| 18:52 | Research | Forging |
| 19:00 | Create | Throwing Axeman |
| 19:09 | Create | Throwing Axeman |
| 19:19 | Create | Villager (Male) |
| 19:40 | Create | Throwing Axeman |
| 19:51 | Build | Farm |
| 19:51 | Build | Farm |
| 19:52 | Build | Farm |
| 19:52 | Build | Farm |
| 20:01 | Create | Villager (Male) |
| 20:01 | Create | Villager (Male) |
| 20:18 | Build | Siege Workshop |
| 20:24 | Create | Villager (Male) |
| 20:39 | Create | Villager (Male) |
| 20:43 | Build | Farm |
| 20:48 | Build | Farm |
| 21:09 | Create | Villager (Male) |
| 21:14 | Build | Town Center |
| 21:33 | Create | Battering Ram |
| 21:38 | Create | Throwing Axeman |
| 21:38 | Create | Throwing Axeman |
| 21:40 | Create | Villager (Male) |
| 21:40 | Create | Villager (Male) |
| 21:51 | Build | Farm |
| 21:57 | Create | Throwing Axeman |
| 21:58 | Create | Throwing Axeman |
| 22:06 | Create | Villager (Male) |
| 22:10 | Build | Farm |
| 22:28 | Create | Villager (Male) |
| 22:40 | Create | Villager (Male) |
| 22:44 | Build | Farm |
| 22:44 | Build | Farm |
| 22:44 | Build | Farm |
| 22:45 | Build | Farm |
| 22:45 | Build | Farm |
| 22:45 | Build | Farm |
| 22:46 | Build | Farm |
| 22:46 | Build | Farm |
| 22:47 | Build | Farm |
| 22:47 | Build | Farm |
| 23:14 | Create | Villager (Male) |
| 23:15 | Create | Villager (Male) ×3 |
| 23:16 | Create | Villager (Male) ×3 |
| 23:29 | Create | Villager (Male) ×2 |
| 23:34 | Build | Town Center |
| 23:44 | Build | Lumber Camp |
| 23:48 | Create | Villager (Male) ×2 |
| 23:48 | Create | Villager (Male) ×2 |
| 24:06 | Build | Farm |
| 24:12 | Create | Villager (Male) ×3 |
| 24:35 | Build | House |
| 24:36 | Build | House |
| 24:37 | Build | House |
| 24:38 | Build | House |
| 24:38 | Build | House |
| 24:39 | Build | House |
| 24:40 | Build | House |
| 24:42 | Build | House |
| 24:43 | Build | House |
| 24:50 | Create | Villager (Male) ×5 |
| 24:50 | Create | Villager (Male) ×5 |
| 24:56 | Build | Farm |
| 24:57 | Build | Farm |
Build order — Yellowping
First 150 of 770 actions detected
| 0:02 | Create | Villager (Male) |
| 0:04 | Build | House |
| 0:07 | Build | House |
| 0:08 | Create | Villager (Male) |
| 0:08 | Create | Villager (Male) |
| 0:17 | Create | Villager (Male) |
| 0:18 | Create | Villager (Male) |
| 1:27 | Create | Villager (Male) |
| 2:07 | Create | Villager (Male) |
| 2:07 | Create | Villager (Male) |
| 2:22 | Build | Lumber Camp |
| 2:30 | Create | Villager (Male) |
| 2:30 | Create | Villager (Male) |
| 2:31 | Create | Villager (Male) |
| 2:31 | Create | Villager (Male) |
| 3:29 | Create | Villager (Male) |
| 3:29 | Create | Villager (Male) |
| 3:29 | Create | Villager (Male) |
| 3:29 | Create | Villager (Male) |
| 3:30 | Create | Villager (Male) |
| 4:02 | Build | House |
| 4:12 | Create | Villager (Male) |
| 4:40 | Build | Mill |
| 4:45 | Create | Villager (Male) |
| 5:15 | Create | Villager (Male) |
| 5:36 | Create | Villager (Male) |
| 6:04 | Create | Villager (Male) |
| 6:08 | Build | House |
| 6:29 | Build | Mining Camp |
| 6:56 | Create | Villager (Male) |
| 7:01 | Create | Villager (Male) |
| 7:11 | Research | Feudal Age |
| 7:11 | Research | Feudal Age |
| 8:13 | Build | House |
| 10:08 | Create | Villager (Male) |
| 10:14 | Age | Feudal Age |
| 10:19 | Build | Market |
| 10:25 | Build | Blacksmith |
| 10:27 | Create | Villager (Male) |
| 11:01 | Research | Double-Bit Axe |
| 11:01 | Research | Double-Bit Axe |
| 11:28 | Research | Castle Age |
| 11:28 | Research | Castle Age |
| 11:31 | Research | Horse Collar |
| 11:31 | Research | Horse Collar |
| 11:32 | Research | Horse Collar |
| 13:26 | Build | Farm |
| 13:26 | Build | Farm |
| 13:27 | Build | Farm |
| 13:27 | Build | Farm |
| 13:27 | Build | Farm |
| 13:28 | Build | Farm |
| 13:40 | Research | Loom |
| 14:05 | Create | Villager (Male) |
| 14:08 | Age | Castle Age |
| 14:10 | Build | Town Center |
| 14:14 | Build | Town Center |
| 14:19 | Create | Villager (Male) |
| 14:28 | Build | Farm |
| 14:29 | Build | Farm |
| 15:01 | Build | Farm |
| 15:08 | Research | Wheelbarrow |
| 15:08 | Research | Wheelbarrow |
| 15:23 | Create | Villager (Male) |
| 15:31 | Create | Villager (Male) |
| 15:39 | Build | Farm |
| 15:40 | Create | Villager (Male) |
| 15:48 | Create | Villager (Male) |
| 16:06 | Create | Villager (Male) |
| 16:10 | Create | Villager (Male) |
| 16:19 | Build | Farm |
| 16:23 | Build | Farm |
| 16:24 | Create | Villager (Male) |
| 16:34 | Build | Farm |
| 16:39 | Create | Villager (Male) |
| 16:51 | Create | Villager (Male) |
| 16:51 | Create | Villager (Male) |
| 16:55 | Build | Lumber Camp |
| 17:03 | Create | Villager (Male) |
| 17:04 | Create | Villager (Male) |
| 17:07 | Build | Farm |
| 17:10 | Build | Farm |
| 17:12 | Create | Villager (Male) |
| 17:29 | Build | House |
| 17:31 | Create | Villager (Male) |
| 17:34 | Create | Villager (Male) |
| 17:34 | Create | Villager (Male) |
| 17:35 | Create | Villager (Male) |
| 17:49 | Build | House |
| 17:50 | Create | Villager (Male) |
| 17:52 | Create | Villager (Male) |
| 17:54 | Build | Farm |
| 18:03 | Build | Farm |
| 18:07 | Build | Farm |
| 18:08 | Create | Villager (Male) |
| 18:17 | Build | House |
| 18:17 | Create | Villager (Male) |
| 18:26 | Create | Villager (Male) |
| 18:34 | Create | Villager (Male) |
| 18:38 | Build | Monastery |
| 18:43 | Create | Villager (Male) |
| 18:44 | Build | Farm |
| 18:47 | Create | Villager (Male) |
| 18:54 | Create | Villager (Male) |
| 19:05 | Create | Villager (Male) |
| 19:09 | Build | Farm |
| 19:13 | Create | Monk |
| 19:15 | Build | House |
| 19:20 | Build | Farm |
| 19:23 | Research | Heavy Plow |
| 19:23 | Research | Heavy Plow |
| 19:23 | Research | Heavy Plow |
| 19:28 | Create | Villager (Male) |
| 19:28 | Create | Villager (Male) |
| 19:28 | Create | Villager (Male) |
| 19:34 | Create | Villager (Male) |
| 19:38 | Build | Farm |
| 19:40 | Create | Villager (Male) |
| 19:47 | Build | House |
| 19:52 | Create | Villager (Male) |
| 19:58 | Create | Villager (Male) |
| 19:58 | Create | Villager (Male) |
| 20:07 | Build | Town Center |
| 20:09 | Create | Villager (Male) |
| 20:12 | Build | Farm |
| 20:15 | Create | Villager (Male) |
| 20:26 | Create | Villager (Male) |
| 20:27 | Build | House |
| 20:29 | Create | Villager (Male) |
| 20:32 | Create | Villager (Male) |
| 20:36 | Build | Farm |
| 20:40 | Create | Villager (Male) |
| 20:46 | Create | Villager (Male) |
| 20:49 | Create | Villager (Male) |
| 20:55 | Build | Farm |
| 21:00 | Research | Bow Saw |
| 21:00 | Research | Bow Saw |
| 21:01 | Research | Bow Saw |
| 21:04 | Build | House |
| 21:16 | Create | Villager (Male) |
| 21:18 | Build | Farm |
| 21:25 | Research | Gold Mining |
| 21:25 | Research | Gold Mining |
| 21:25 | Research | Gold Mining |
| 21:28 | Create | Villager (Male) |
| 21:29 | Create | Villager (Male) |
| 21:29 | Create | Villager (Male) |
| 21:30 | Create | Villager (Male) |
| 21:35 | Build | House |
| 21:36 | Create | Villager (Male) |
Build order — mochichi4
First 150 of 896 actions detected
| 0:01 | Create | Villager (Male) ×4 |
| 0:01 | Create | Villager (Male) ×4 |
| 0:02 | Build | House |
| 0:03 | Build | House |
| 1:30 | Create | Villager (Male) |
| 1:30 | Create | Villager (Male) |
| 1:30 | Create | Villager (Male) |
| 1:47 | Build | Settlement |
| 1:51 | Create | Villager (Male) |
| 1:51 | Create | Villager (Male) |
| 1:52 | Create | Villager (Male) |
| 2:30 | Create | Villager (Male) |
| 2:30 | Create | Villager (Male) |
| 2:30 | Create | Villager (Male) |
| 3:00 | Create | Villager (Male) |
| 3:00 | Create | Villager (Male) |
| 3:01 | Create | Villager (Male) |
| 3:23 | Create | Villager (Male) |
| 3:24 | Create | Villager (Male) |
| 3:24 | Create | Villager (Male) |
| 3:39 | Create | Villager (Male) |
| 3:39 | Create | Villager (Male) |
| 3:53 | Create | Villager (Male) |
| 3:54 | Create | Villager (Male) |
| 3:54 | Create | Villager (Male) |
| 4:03 | Build | House |
| 4:29 | Create | Villager (Male) |
| 4:30 | Create | Villager (Male) |
| 4:46 | Build | Settlement |
| 4:47 | Create | Villager (Male) |
| 4:48 | Create | Villager (Male) |
| 4:48 | Create | Villager (Male) |
| 4:59 | Create | Villager (Male) |
| 4:59 | Create | Villager (Male) |
| 4:59 | Create | Villager (Male) |
| 4:59 | Create | Villager (Male) |
| 5:32 | Create | Villager (Male) |
| 5:32 | Create | Villager (Male) |
| 5:32 | Create | Villager (Male) |
| 6:05 | Create | Villager (Male) |
| 6:05 | Create | Villager (Male) |
| 6:06 | Create | Villager (Male) |
| 6:17 | Create | Villager (Male) |
| 6:17 | Create | Villager (Male) |
| 6:18 | Create | Villager (Male) |
| 6:40 | Create | Villager (Male) |
| 6:48 | Create | Villager (Male) |
| 8:39 | Research | Feudal Age |
| 9:52 | Create | Villager (Male) |
| 10:47 | Create | Villager (Male) |
| 11:00 | Age | Feudal Age |
| 11:02 | Build | Blacksmith |
| 11:04 | Build | Market |
| 11:13 | Create | Skirmisher |
| 11:17 | Research | Double-Bit Axe |
| 11:42 | Build | House |
| 11:48 | Research | Loom |
| 11:52 | Research | Castle Age |
| 11:57 | Research | Horse Collar |
| 12:52 | Build | Farm |
| 12:53 | Build | Farm |
| 12:55 | Build | Farm |
| 12:57 | Build | Farm |
| 13:19 | Build | House |
| 14:06 | Build | Farm |
| 14:07 | Build | Farm |
| 14:23 | Create | Villager (Male) |
| 14:33 | Age | Castle Age |
| 14:37 | Build | Town Center |
| 14:40 | Build | Town Center |
| 14:45 | Create | Villager (Male) |
| 14:47 | Research | Bow Saw |
| 14:55 | Create | Villager (Male) |
| 15:16 | Build | Farm |
| 15:17 | Build | Farm |
| 15:21 | Create | Villager (Male) |
| 15:25 | Research | Loom |
| 15:48 | Create | Villager (Male) |
| 16:00 | Build | Farm |
| 16:01 | Build | Farm |
| 16:03 | Build | Farm |
| 16:05 | Create | Villager (Male) |
| 16:06 | Build | Farm |
| 16:14 | Create | Villager (Male) |
| 16:16 | Build | Farm |
| 16:31 | Create | Villager (Male) |
| 16:37 | Build | Farm |
| 16:38 | Build | Farm |
| 16:40 | Build | Farm |
| 16:46 | Create | Villager (Male) |
| 16:53 | Create | Villager (Male) |
| 16:56 | Create | Villager (Male) |
| 16:59 | Build | Farm |
| 17:00 | Build | Farm |
| 17:00 | Build | Farm |
| 17:04 | Build | Farm |
| 17:06 | Build | Farm |
| 17:08 | Build | Farm |
| 17:09 | Build | Farm |
| 17:12 | Create | Villager (Male) |
| 17:24 | Create | Villager (Male) |
| 17:30 | Create | Villager (Male) |
| 17:44 | Build | House |
| 17:44 | Build | House |
| 17:47 | Create | Villager (Male) |
| 17:52 | Create | Villager (Male) |
| 17:57 | Create | Villager (Male) |
| 17:59 | Create | Villager (Male) |
| 18:20 | Create | Villager (Male) |
| 18:23 | Create | Villager (Male) |
| 18:30 | Create | Villager (Male) |
| 18:36 | Create | Villager (Male) |
| 18:39 | Build | Farm |
| 18:40 | Build | Farm |
| 18:41 | Build | Farm |
| 18:42 | Build | Farm |
| 18:45 | Create | Villager (Male) |
| 18:48 | Create | Villager (Male) |
| 18:50 | Build | Farm |
| 18:54 | Create | Villager (Male) |
| 19:15 | Build | Town Center |
| 19:19 | Create | Villager (Male) |
| 19:21 | Create | Villager (Male) |
| 19:24 | Create | Villager (Male) |
| 19:27 | Create | Villager (Male) |
| 19:32 | Build | Farm |
| 19:34 | Build | Farm |
| 19:36 | Build | Farm |
| 19:39 | Create | Villager (Male) |
| 19:41 | Create | Villager (Male) |
| 19:44 | Build | House |
| 19:45 | Build | House |
| 19:48 | Create | Villager (Male) |
| 19:56 | Create | Villager (Male) |
| 19:58 | Create | Villager (Male) |
| 20:14 | Create | Villager (Male) |
| 20:16 | Create | Villager (Male) |
| 20:19 | Build | Farm |
| 20:21 | Build | Farm |
| 20:21 | Build | Farm |
| 20:23 | Build | Farm |
| 20:27 | Research | Wheelbarrow |
| 20:37 | Create | Villager (Male) |
| 20:46 | Research | Heavy Plow |
| 20:49 | Create | Villager (Male) |
| 20:51 | Create | Villager (Male) |
| 20:55 | Create | Villager (Male) |
| 20:56 | Create | Villager (Male) |
| 20:56 | Create | Villager (Male) |
| 20:56 | Create | Villager (Male) |
Match timeline
| 4:04 | VIT | Hera · wall_segment Palisade Wall x1 |
| 5:23 | ryocallan · first_building Barracks |
| 8:51 | VIT | Hera · age_up feudal |
| 8:57 | ryocallan · age_up feudal |
| 9:26 | ryocallan · wall_segment Stone Wall x43 |
| 10:06 | Lynx · age_up feudal |
| 10:07 | Grubby · age_up feudal |
| 10:14 | Yellowping · age_up feudal |
| 10:31 | TigerGecko · age_up feudal |
| 10:49 | ryocallan · wall_segment Stone Wall x10 |
| 10:53 | ryocallan · wall_segment Stone Wall x9 |
| 11:00 | mochichi4 · age_up feudal |
| 11:08 | raffaele_520 · age_up feudal |
| 11:14 | ryocallan · wall_segment Stone Wall x13 |
| 12:02 | raffaele_520 · first_market_sell 100 stone |
| 12:03 | ryocallan · wall_segment Stone Wall x5 |
| 12:08 | ryocallan · wall_segment Stone Wall x5 |
| 12:20 | ryocallan · wall_segment Stone Wall x1 |
| 12:31 | Lynx · wall_segment Stone Wall x2 |
| 13:42 | Grubby · first_market_buy 100 wood |
| 13:49 | Grubby · age_up castle |
| 14:01 | TigerGecko · age_up castle |
| 14:08 | Yellowping · age_up castle |
| 14:17 | raffaele_520 · first_market_buy 100 wood |
| 14:33 | mochichi4 · age_up castle |
| 14:47 | raffaele_520 · age_up castle |
| 14:51 | raffaele_520 · first_building Siege Workshop |
| 14:58 | Lynx · first_market_sell 100 stone |
| 15:00 | Lynx · first_market_buy 100 food |
| 15:16 | raffaele_520 · first_building Barracks |
| 15:34 | raffaele_520 · first_building Monastery |
| 16:18 | ryocallan · first_market_sell 100 wood |
| 16:31 | TigerGecko · first_building Castle |
| 17:30 | Grubby · first_building Barracks |
| 17:37 | VIT | Hera · wall_segment Palisade Wall x1 |
| 17:47 | Lynx · age_up castle |
| 17:58 | Lynx · first_building Castle |
| 18:27 | raffaele_520 · first_building Castle |
| 18:38 | Yellowping · first_building Monastery |
| 19:30 | VIT | Hera · age_up castle |
| 19:34 | VIT | Hera · first_market_sell 100 food |
| 19:34 | VIT | Hera · first_market_buy 100 stone |
| 19:49 | VIT | Hera · first_building Castle |
| 19:53 | Grubby · first_building Monastery |
| 19:56 | ryocallan · first_market_buy 100 stone |
| 19:59 | ryocallan · age_up castle |
| 20:00 | VIT | Hera · first_building Barracks |
| 20:09 | Grubby · first_building Siege Workshop |
| 20:13 | ryocallan · first_building Siege Workshop |
| 20:18 | Lynx · first_building Siege Workshop |
| 20:50 | TigerGecko · first_market_buy 100 food |
| 21:16 | Grubby · wall_segment Palisade Wall x1 |
| 22:30 | mochichi4 · first_building Barracks |
| 22:42 | Grubby · first_market_sell 100 wood |
| 22:58 | mochichi4 · first_building Archery Range |
| 23:05 | VIT | Hera · first_building Stable |
| 23:23 | Grubby · first_building Stable |
| 24:18 | Yellowping · first_building Barracks |
| 25:22 | raffaele_520 · wall_segment Stone Wall x18 |
| 26:15 | Yellowping · first_building Stable |
| 26:23 | Yellowping · first_market_sell 100 food |
| 26:30 | mochichi4 · first_building Monastery |
| 26:54 | raffaele_520 · wall_segment Stone Wall x11 |
| 27:26 | Yellowping · first_building Castle |
| 27:32 | Grubby · first_building Castle |
| 27:32 | ryocallan · first_building Castle |
| 27:35 | Lynx · wall_segment Stone Wall x16 |
| 28:24 | mochichi4 · first_building Castle |
| 28:51 | VIT | Hera · first_building Siege Workshop |
| 28:59 | VIT | Hera · first_building Archery Range |
| 29:06 | Grubby · age_up imperial |
| 29:32 | Lynx · wall_segment Stone Wall x15 |
| 29:34 | Yellowping · age_up imperial |
| 30:02 | TigerGecko · first_market_sell 100 food |
| 30:17 | mochichi4 · age_up imperial |
| 30:40 | Yellowping · first_building Siege Workshop |
| 31:21 | raffaele_520 · wall_segment Stone Wall x3 |
| 31:41 | VIT | Hera · age_up imperial |
| 32:37 | ryocallan · age_up imperial |
| 32:56 | TigerGecko · first_building Barracks |
| 33:38 | Lynx · age_up imperial |
| 33:53 | raffaele_520 · age_up imperial |
| 33:53 | TigerGecko · age_up imperial |
| 34:03 | Lynx · first_building Barracks |
| 34:27 | Grubby · tribute_sent a jugador 1 |
| 34:27 | Grubby · tribute_sent a jugador 3 |
| 34:27 | Grubby · tribute_sent a jugador 4 |
| 34:27 | Grubby · tribute_sent a jugador 5 |
| 34:27 | Grubby · tribute_sent a jugador 6 |
| 34:27 | Grubby · tribute_sent a jugador 7 |
| 34:27 | Grubby · tribute_sent a jugador 8 |
| 34:55 | Grubby · tribute_sent a jugador 1 |
| 34:55 | Grubby · tribute_sent a jugador 3 |
| 34:55 | Grubby · tribute_sent a jugador 4 |
| 34:55 | Grubby · tribute_sent a jugador 5 |
| 34:55 | Grubby · tribute_sent a jugador 6 |
| 34:55 | Grubby · tribute_sent a jugador 7 |
| 34:55 | Grubby · tribute_sent a jugador 8 |
| 35:32 | raffaele_520 · first_building Stable |
| 35:48 | mochichi4 · first_market_sell 500 food |
| 35:49 | mochichi4 · first_market_buy 100 stone |
| 36:41 | mochichi4 · first_building Siege Workshop |
| 37:04 | ryocallan · first_building Archery Range |
| 37:06 | raffaele_520 · first_building Archery Range |
| 37:26 | TigerGecko · wall_segment Palisade Wall x1 |
| 37:27 | Yellowping · first_market_buy 100 stone |
| 37:28 | TigerGecko · wall_segment Palisade Wall x1 |
| 37:29 | TigerGecko · wall_segment Palisade Wall x1 |
| 37:31 | TigerGecko · wall_segment Palisade Wall x1 |
| 37:32 | TigerGecko · wall_segment Palisade Wall x1 |
| 37:33 | TigerGecko · wall_segment Palisade Wall x1 |
| 37:33 | TigerGecko · wall_segment Palisade Wall x1 |
| 37:34 | TigerGecko · wall_segment Palisade Wall x1 |
| 37:35 | TigerGecko · wall_segment Palisade Wall x1 |
| 37:47 | Grubby · wall_segment Stone Wall x1 |
| 44:23 | VIT | Hera · tribute_sent a jugador 1 |
| 44:23 | VIT | Hera · tribute_sent a jugador 2 |
| 44:23 | VIT | Hera · tribute_sent a jugador 3 |
| 44:23 | VIT | Hera · tribute_sent a jugador 5 |
| 44:23 | VIT | Hera · tribute_sent a jugador 6 |
| 44:23 | VIT | Hera · tribute_sent a jugador 7 |
| 44:23 | VIT | Hera · tribute_sent a jugador 8 |
| 53:25 | VIT | Hera · tribute_sent a jugador 1 |
| 53:25 | VIT | Hera · tribute_sent a jugador 2 |
| 53:25 | VIT | Hera · tribute_sent a jugador 3 |
| 53:25 | VIT | Hera · tribute_sent a jugador 5 |
| 53:25 | VIT | Hera · tribute_sent a jugador 6 |
| 53:25 | VIT | Hera · tribute_sent a jugador 7 |
| 53:25 | VIT | Hera · tribute_sent a jugador 8 |
| 53:30 | VIT | Hera · tribute_sent a jugador 1 |
| 53:30 | VIT | Hera · tribute_sent a jugador 2 |
| 53:30 | VIT | Hera · tribute_sent a jugador 3 |
| 53:30 | VIT | Hera · tribute_sent a jugador 5 |
| 53:30 | VIT | Hera · tribute_sent a jugador 6 |
| 53:30 | VIT | Hera · tribute_sent a jugador 7 |
| 53:30 | VIT | Hera · tribute_sent a jugador 8 |
| 56:16 | Lynx · first_building Stable |
| 56:34 | mochichi4 · wall_segment Stone Wall x7 |
| 57:12 | VIT | Hera · tribute_sent a jugador 1 |
| 57:12 | VIT | Hera · tribute_sent a jugador 2 |
| 57:12 | VIT | Hera · tribute_sent a jugador 3 |
| 57:12 | VIT | Hera · tribute_sent a jugador 5 |
| 57:12 | VIT | Hera · tribute_sent a jugador 6 |
| 57:12 | VIT | Hera · tribute_sent a jugador 7 |
| 57:12 | VIT | Hera · tribute_sent a jugador 8 |
| 60:10 | ryocallan · first_building Stable |
| 61:11 | VIT | Hera · tribute_sent a jugador 1 |
| 61:11 | VIT | Hera · tribute_sent a jugador 2 |
| 61:11 | VIT | Hera · tribute_sent a jugador 3 |
| 61:11 | VIT | Hera · tribute_sent a jugador 5 |
| 61:11 | VIT | Hera · tribute_sent a jugador 6 |
| 61:11 | VIT | Hera · tribute_sent a jugador 7 |
| 61:11 | VIT | Hera · tribute_sent a jugador 8 |
| 65:12 | Grubby · tribute_sent a jugador 1 |
| 65:12 | Grubby · tribute_sent a jugador 3 |
| 65:12 | Grubby · tribute_sent a jugador 4 |
| 65:12 | Grubby · tribute_sent a jugador 5 |
| 65:12 | Grubby · tribute_sent a jugador 6 |
| 65:12 | Grubby · tribute_sent a jugador 7 |
| 65:12 | Grubby · tribute_sent a jugador 8 |
| 66:47 | mochichi4 · wall_segment Stone Wall x8 |
| 68:04 | mochichi4 · wall_segment Stone Wall x4 |
| 68:38 | Grubby · tribute_sent a jugador 1 |
| 68:38 | Grubby · tribute_sent a jugador 3 |
| 68:38 | Grubby · tribute_sent a jugador 4 |
| 68:38 | Grubby · tribute_sent a jugador 5 |
| 68:38 | Grubby · tribute_sent a jugador 6 |
| 68:38 | Grubby · tribute_sent a jugador 7 |
| 68:38 | Grubby · tribute_sent a jugador 8 |
| 69:06 | Lynx · first_building Archery Range |
| 69:34 | Lynx · wall_segment Stone Wall x33 |
| 69:37 | Grubby · wall_segment Stone Wall x9 |
| 69:40 | Grubby · wall_segment Stone Wall x22 |
| 70:27 | Grubby · tribute_sent a jugador 1 |
| 70:27 | Grubby · tribute_sent a jugador 3 |
| 70:27 | Grubby · tribute_sent a jugador 4 |
| 70:27 | Grubby · tribute_sent a jugador 5 |
| 70:27 | Grubby · tribute_sent a jugador 6 |
| 70:27 | Grubby · tribute_sent a jugador 7 |
| 70:27 | Grubby · tribute_sent a jugador 8 |
| 73:30 | TigerGecko · first_building Siege Workshop |
| 74:27 | raffaele_520 · wall_segment Stone Wall x11 |
| 76:27 | raffaele_520 · wall_segment Stone Wall x1 |
| 76:48 | Lynx · wall_segment Stone Wall x1 |
| 79:32 | VIT | Hera · resign |
[ AI ANALYSIS · 1 CREDIT ]
What really happened in this match?
Wolo.gg analyzes every decision: build order, eco, micro, common mistakes by bracket. Personalized analysis on WhatsApp or Discord in 30 seconds.
Civ guide
Cumans
Perfil
Jugador #199325